 Dungeon Crawl Stone Soup version 0.31.0-12-g77e489cdc1 (webtiles) character file.

Game seed: 9486393265716212500

72 spaghetti the Trooper (level 4, -4/5 HPs)
             Began as an Oni Chaos Knight on Mar 2, 2024.
             Was a Plaything of Xom.
             Slain by a scorpion zombie (5 damage)
             ... on level 3 of the Dungeon.
             The game lasted 00:01:55 (1449 turns).

spaghetti the Trooper (Oni Chaos Knight)            Turns: 1449, Time: 00:01:55

HP:   -4/5 (5)      AC:  3    Str: 18    XL:     4   Next: 26%
MP:   4/4           EV:  9    Int: 13    God:    Xom [..*...]
Gold: 113           SH:  0    Dex:  8    Spells: 3/3 levels left

rFire   . .          .
                       - Unarmed
rCold   . . .        (shield currently unavailable)
rNeg    . . .        a - +2 robe
rPois   .            (helmet restricted)
rElec   .            (no cloak)
rCorr   .            (gloves unavailable)
SInv    .            (boots unavailable)
Will    .....        (no amulet)
Stlth   +            (no ring)
HPRegen 0.20/turn    (no ring)
MPRegen 0.09/turn

%: no passive effects
@: blade hands, lightly drained
A: reduced hp, large, unfitting armour, horns 1, tough skin 1, double potion
healing, drunken brawling
a: Begin Untransformation, Renounce Religion


You were on level 3 of the Dungeon.
You worshipped Xom.
You were a toy of Xom.
You had blades for hands.
You visited 1 branch of the dungeon, and saw 3 of its levels.

You collected 113 gold pieces.

Inventory:

Armour
 a - a +2 robe (worn)
Talismans
 d - a blade talisman (active)
Scrolls
 b - a scroll of butterflies
 c - a scroll of revelation {unknown}
 e - a scroll of amnesia
 f - a scroll of fear {unknown}
Potions
 g - a potion of invisibility {unknown}


   Skills:
 - Level 6.4 Fighting
 - Level 2.1 Dodging
 - Level 2.6 Unarmed Combat
 + Level 0.7 Shapeshifting


You had 3 spell levels left.
You didn't know any spells.
Your spell library contained the following spells:

 Spells                   Type           Power      Damage    Failure   Level
 Fugue of the Fallen      Necr           0%         N/A       67%         3
 Ozocubu's Armour         Ice            0%         N/A       67%         3
 Manifold Assault         Tloc           0%         N/A       97%         4


Dungeon Overview and Level Annotations

Branches:
Dungeon (3/15)

Altars:


Innate Abilities, Weirdness & Mutations

You have blades for hands.
Your maximum health is decreased, since you lack skill for your form.
You are incapable of wielding weapons or throwing items.
You are too large for most types of armour.
You have a pair of small horns on your head.
You have tough skin. (AC +1)
You gain doubled healing and magic from potions.
Whenever you drink a healing potion, you attack all around you.


Message History

You see here 5 datura-tipped darts.
Done exploring.
Done exploring.
Done exploring.
Done exploring.
Done exploring.
Done exploring.
You see here a +0 ring mail.
There is a stone staircase leading down here.
You climb downwards.
Found a stone staircase leading down.
There is a stone staircase leading up here.
There is a stone staircase leading down here.
A scorpion zombie comes into view.
The scorpion zombie moves out of view.
A scorpion zombie is nearby!
A hound zombie and an endoplasm come into view.
The endoplasm quivers.
You barely miss the scorpion zombie. You headbutt the scorpion zombie.
The scorpion zombie is lightly damaged.
You slash the scorpion zombie!
Your headbutt misses the scorpion zombie.
The scorpion zombie is moderately damaged.
The scorpion zombie misses you.
You hit the scorpion zombie but do no damage.
The scorpion zombie is moderately damaged.
The hound zombie bites you but does no damage.
The scorpion zombie hits you.
Ouch! That really hurt!
A shower of butterflies erupts from you!
The endoplasm jiggles.
The endoplasm closely misses your butterfly.
The hound zombie bites you.
* * * LOW HITPOINT WARNING * * *
Unknown command.
The scorpion zombie attacks as it pursues you!
The scorpion zombie hits you.
Ouch! That really hurt!
You die...
Xom chuckles heartily!

#.. #...
###..### .
###......# 8..
....P...#
P.8.####.......#
....b.Z#.P..8..#
.P.8J..Z.b#
......b#@.#
..#.#.##>###
#.....<..#
#..#...#.#
####...#.#
.....# # #######


You could see a hound zombie, a scorpion zombie (ally target) and an endoplasm.

Vanquished Creatures
  3 adders (D:2)
  2 ribbon worms (D:2)
  2 dart slugs (D:1)
  A ball python (D:1)
  2 endoplasms (D:1)
  4 giant cockroaches
  2 goblins (D:1)
  2 hobgoblins (D:1)
  2 kobolds
  4 quokkas
  4 bats
  3 frilled lizards
  4 rats
35 creatures vanquished.

Notes
Turn   | Place    | Note
-------+----------+-------------------------------------------
     0 | D:1      | spaghetti the Oni Chaos Knight began the quest for the Orb.
     0 | D:1      | Reached XP level 1. HP: 24/24 MP: 1/1
   106 | D:1      | Reached XP level 2. HP: 27/33 MP: 2/2
   267 | D:1      | Reached skill level 5 in Fighting
   459 | D:1      | Reached XP level 3. HP: 41/42 MP: 3/3
   620 | D:1      | Found a faded altar of an unknown god.
   681 | D:2      | Reached skill level 6 in Fighting
   820 | D:2      | XOM: divination: detect items
   897 | D:2      | Reached XP level 4. HP: 45/53 MP: 4/4
   904 | D:2      | XOM: silly message
  1325 | D:2      | XOM: silly message
  1448 | D:3      | XOM: butterfly on damage
  1449 | D:3      | Slain by a scorpion zombie

Illustrated notes

Levels and vault maps discovered:
D:1:      sevenhm_arrival_forest_fort_small_5, layout_rooms,
          ebering_ecumenical_altar_rust
D:2:      layout_loops_cross, fountainhead
D:3:      layout_basic, serial_undead, serial_undead_c, serial_undead_d,
          serial_undead_c, serial_undead_c, serial_undead_a, serial_undead_e,
          minmay_misc_feat_rows, kennysheep_generic_room_2

Skill      XL: |  1  2  3 |
---------------+----------+-----
Fighting       | 5 6 |  6.4
Dodging        | |  2.1
Unarmed Combat | |  2.6
Shapeshifting  | |  0.7

Action                     |  1- 3 |  4- 6 || total
---------------------------+-------+-------++-------
  Melee: Unarmed           |   116 |    20 ||   136
         Headbutt          |    17 |     1 ||    18
         Punch             |     3 |       ||     3
    Use: Scroll            |     3 |       ||     3
         Potion            |       |     1 ||     1
 Armour: Robe              |   105 |    19 ||   124
  Dodge: Dodged            |    64 |    10 ||    74
   Form: Blade             |       |     1 ||     1
